 Dungeon Crawl Stone Soup version 0.27-a0-1105-g946c659c87 (webtiles) character file.

Game seed: 17161238214441568360

4239 wakim the Destroyer (level 10, -3/60 HPs)
             Began as a Deep Elf Conjurer on May 1, 2021.
             Was a Follower of Vehumet.
             Shot with an arrow by a centaur warrior (19 damage)
             ... on level 8 of the Dungeon.
             The game lasted 00:22:43 (9479 turns).

wakim the Destroyer (Deep Elf Conjurer)             Turns: 9479, Time: 00:22:44

Health: -3/60      AC: 13    Str: 11    XL:     10   Next: 9%
Magic:  2/21       EV: 12    Int: 33    God:    Vehumet [*.....]
Gold:   383        SH:  0    Dex:  8    Spells: 5/21 levels left

rFire    + . .     SeeInvis .   a - +5 trident "Neceofusch" {venom, +Blink rElec rF+}
rCold    . . .     Faith    .   (no shield)
rNeg     + . .     Spirit   .   j - +4 ring mail of Protective Custody {Harm rN+ Int+7 Dex-5}
rPois    .         Reflect  .   m - +1 helmet
rElec    +         Harm     +   o - +0 cloak
rCorr    .         Rampage  .   e - +0 pair of gloves
Will     +....                  (no boots)
Stlth    +.........             (no amulet)
HPRegen  0.20/turn              d - ring of wizardry
MPRegen  0.17/turn              k - +6 ring of strength

@: no status effects
A: no striking features
a: Renounce Religion, Evoke Blink


You were on level 8 of the Dungeon.
You worshipped Vehumet.
Vehumet was aware of your devotion.
You visited 2 branches of the dungeon, and saw 9 of its levels.

You collected 401 gold pieces.
You spent 18 gold pieces at shops.

Inventory:

Hand Weapons
 a - the +5 trident "Neceofusch" (weapon) {venom, +Blink rElec rF+}
   (You found it on level 7 of the Dungeon)

   It poisons the flesh of those it strikes.
   It protects you from fire.
   It insulates you from electricity.
   It lets you blink.
 b - the +7 war axe "Neosh" {flame, rCorr Str+3 Dex+7}
   (You found it on level 6 of the Dungeon)

   It has been specially enchanted to burn those struck by it, causing extra
   injury to most foes and up to half again as much damage against particularly
   susceptible opponents.
   Big, fiery blades are also staple armaments of hydra-hunters.
   It affects your strength (+3).
   It affects your dexterity (+7).
   It protects you from acid and corrosion.
Armour
 c - a +0 robe
 e - a +0 pair of gloves (worn)
 j - the +4 ring mail of Protective Custody (worn) {Harm rN+ Int+7 Dex-5}
   (You found it on level 5 of the Dungeon)

   It affects your intelligence (+7).
   It affects your dexterity (-5).
   It protects you from negative energy.
   It increases damage dealt and taken.
 m - a +1 helmet (worn)
 o - a +0 cloak (worn)
 p - a +0 kite shield
Jewellery
 d - a ring of wizardry (left hand)
 k - a +6 ring of strength (right hand)
Wands
 x - a wand of iceblast (9)
Scrolls
 h - 3 scrolls of enchant armour
 R - 4 scrolls of magic mapping {!r}
 T - 5 scrolls of teleportation
 U - a scroll of fear
Potions
 f - 2 potions of curing {unknown}
 g - a potion of attraction {unknown}
 i - 2 potions of degeneration {unknown}
 l - a potion of mutation {unknown}
 n - a potion of haste {unknown}
 q - a potion of cancellation {unknown}
 C - a potion of berserk rage {!q}
 G - 2 potions of flight
 L - 2 potions of lignification {!q}
 O - 2 potions of resistance


   Skills:
 + Level 5.8 Fighting
 + Level 8.8 Dodging
 - Level 2.4 Stealth
 - Level 6.0 Spellcasting
 * Level 11.5 Conjurations


You had 5 spell levels left.
You knew the following spells:

 Your Spells              Type           Power      Damage    Failure   Level
a - Magic Dart            Conj           100%       1d8       1%          1
b - Fireball              Conj/Fire      24%        3d11      11%         5
s - Searing Ray           Conj           100%       3d7       1%          2
x - Iskenderun's Mystic   Conj/Tloc      48%        2d11      4%          4
z - Fulminant Prism       Conj/Hex       24%        3d13      4%          4

Your spell library contained the following spells:

 Spells                   Type           Power      Damage    Failure   Level
 Freeze                   Ice            36%        1d6       4%          1
 Foxfire                  Conj/Fire      100%       2x1d9     1%          1
 Conjure Flame            Conj/Fire      48%        6-21      1%          3
 Dazzling Flash           Conj/Hex       96%        N/A       1%          3
 Apportation              Tloc           18%        N/A       4%          1
 Corona                   Hex            10%        N/A       4%          1
 Sticky Flame             Conj/Fire      48%        2d7       4%          4
 Ensorcelled Hibernation  Hex/Ice        18%        N/A       6%          2
 Confusing Touch          Hex            9%         N/A       12%         3
 Inner Flame              Hex/Fire       9%         N/A       12%         3
 Lesser Beckoning         Tloc           4%         N/A       12%         3
 Tukima's Dance           Hex            9%         N/A       12%         3
 Alistair's Intoxication  Tmut/Pois      6%         N/A       71%         5
 Invisibility             Hex            9%         N/A       99%         6


Dungeon Overview and Level Annotations

Branches:
Dungeon (8/15)             Temple (1/1) D:6
   Lair: D:8-11

Altars:
Ashenzari
Cheibriados
Dithmenos
Elyvilon
Fedhas
Gozag
Hepliaklqana
Kikubaaqudgha
Nemelex Xobeh
Okawaru
Qazlal
Ru
Sif Muna
Trog
Uskayaw
Vehumet
Wu Jian
Xom
Yredelemnul
Zin
The Shining One

Shops:
D:1 *


Message History

Your fulminant prism explodes!
The blast of energy engulfs the cyclops.
The cyclops is severely wounded.
You hear a shout!
Casting: Fulminant Prism (dangerous; 4% risk of failure)
Confirm with . or Enter, or press ? or * to list all spells.
Aiming: Fulminant Prism (dangerous; 4% risk of failure)
Press: ? - help, Dir - move target You conjure a prism of explosive energy!
A fulminant prism comes into view.
Your fulminant prism crackles loudly.
The deep elf pyromancer casts a spell at you.
The sticky flame hits your fulminant prism.
Your fulminant prism resists.
Your fulminant prism is covered in liquid flames!
Your fulminant prism explodes!
The blast of energy engulfs the deep elf pyromancer!!
The deep elf pyromancer is severely wounded.
Vehumet accepts your kill.
You feel a bit more experienced.
Casting: Fulminant Prism (dangerous; 4% risk of failure)
Confirm with . or Enter, or press ? or * to list all spells.
Aiming: Fulminant Prism (dangerous; 4% risk of failure)
Press: ? - help, Dir - move target You conjure a prism of explosive energy!
A fulminant prism comes into view.
A centaur warrior comes into view.
Your fulminant prism crackles loudly.
The centaur warrior wields a +0 shortbow.
The centaur warrior shoots an arrow.
The arrow closely misses you.
Your fulminant prism explodes!
The blast of energy engulfs the deep elf pyromancer!!
You kill the deep elf pyromancer!
Vehumet accepts your kill.
The blast of energy engulfs the centaur warrior!!
The centaur warrior is heavily wounded.
You have reached level 10!
There is a stone staircase leading up here.
The centaur warrior shoots an arrow.
The arrow hits you!
You die...

.......####..#..##...........###.
.......#....###.##....c).....#.#.
......##...####..................
.......)).#.##..............#....
............................#....
......#......................####
#...)........................####
#..)...#.###..>..............##..
.......### ###..@............##._
.........# ##.###...........##..
..#......####..##............####
....#.#.......######......#..####
..#.#.##....#.########...##......
.##.#..##...#.#...###........#
.#..(.####....#..........#..## #
....................#....##.## ##
.....##.......#..#.##....##..###.


You could see a centaur warrior.

Vanquished Creatures
  A deep elf pyromancer (D:8)
  A cyclops (D:8)
  A centaur zombie (D:5)
  A human (D:8)
  A steam dragon (D:8)
  3 sky beasts
  An orc warrior (D:6)
  An ice beast (D:6)
  2 black bears
  A necrophage (D:5)
  6 ogres
  A phantom (D:7)
  2 bullfrogs (D:8)
  A gnoll sergeant (D:8)
  2 scorpions (D:5)
  5 wights (D:8)
  2 howler monkeys
  An electric eel (D:6)
  A bullfrog zombie (D:6)
  5 hounds
  A gnoll shaman (D:7)
  A human zombie (D:8)
  4 orc priests
  A centaur skeleton (D:5)
  3 iguanas
  2 orc wizards
  Robin (D:4)
  22 gnolls
  8 adders
  A howler monkey skeleton (D:6)
  A shadow imp (D:5)
  A white imp (D:7)
  An ufetubus (D:7)
  A worm (D:3)
  2 dart slugs
  13 orcs
  8 endoplasms
  A giant cockroach (D:4)
  11 goblins
  9 hobgoblins
  4 jackals (D:4)
  2 quokkas
  6 ball pythons
  3 bats
  5 frilled lizards
  3 kobolds
  3 rats
157 creatures vanquished.

Vanquished Creatures (others)
  A human (D:7)
  17 fulminant prisms
18 creatures vanquished.

Grand Total: 175 creatures vanquished

Notes
Turn   | Place    | Note
-------+----------+-------------------------------------------
     0 | D:1      | wakim the Deep Elf Conjurer began the quest for the Orb.
     0 | D:1      | Reached XP level 1. HP: 10/10 MP: 6/6
   116 | D:1      | Reached XP level 2. HP: 7/16 MP: 1/8
   469 | D:1      | Learned a level 2 spell: Searing Ray
   720 | D:1      | Found Qeill's Assorted Antiques.
   759 | D:1      | Reached skill level 5 in Conjurations
   778 | D:1      | Bought a scroll labelled SALLEF ETSET for 18 gold pieces
   810 | D:1      | Reached XP level 3. HP: 20/20 MP: 6/9
  1058 | D:2      | Found a faded altar of an unknown god.
  1141 | D:2      | Reached skill level 1 in Fighting
  1550 | D:2      | Reached XP level 4. HP: 25/25 MP: 6/10
  1599 | D:2      | Noticed a sky beast
  1605 | D:2      | Killed a sky beast
  1606 | D:2      | Reached skill level 6 in Conjurations
  1606 | D:2      | Reached XP level 5. HP: 30/30 MP: 4/11
  1954 | D:3      | Found a blossoming altar of Fedhas.
  2116 | D:3      | Learned a level 4 spell: Fulminant Prism
  2562 | D:4      | Noticed Robin
  2565 | D:4      | Killed Robin
  2568 | D:4      | Reached XP level 6. HP: 25/35 MP: 6/13
  2927 | D:3      | Learned a level 4 spell: Iskenderun's Mystic Blast
  3179 | D:4      | Found a shadowy altar of Dithmenos.
  3737 | D:4      | Reached skill level 7 in Conjurations
  4041 | D:4      | Reached XP level 7. HP: 40/40 MP: 9/14
  4198 | D:5      | Entered Level 5 of the Dungeon
  4202 | D:5      | Reached skill level 5 in Dodging
  4666 | D:5      | Identified the +4 ring mail of Protective Custody {Harm rN+
                  | Int+7 Dex-5}
  4951 | D:5      | Reached skill level 8 in Conjurations
  4980 | D:5      | Reached XP level 8. HP: 46/46 MP: 1/17
  5238 | D:5      | Reached skill level 5 in Spellcasting
  5492 | D:5      | Found a radiant altar of Vehumet.
  5494 | D:5      | Found a sparkling altar of Nemelex Xobeh.
  5572 | D:6      | Reached skill level 9 in Conjurations
  5775 | D:6      | Identified the +7 war axe "Neosh" {flame, rCorr Str+3
                  | Dex+7}
  6163 | D:6      | Reached XP level 9. HP: 38/52 MP: 0/18
  6747 | D:6      | Reached skill level 10 in Conjurations
  7302 | D:6      | Found a staircase to the Ecumenical Temple.
  7600 | Temple   | Entered the Ecumenical Temple
  7953 | D:5      | Became a worshipper of Vehumet
  7969 | D:6      | Learned a level 5 spell: Fireball
  8039 | D:7      | Reached skill level 5 in Fighting
  8371 | D:7      | Found an ancient bone altar of Kikubaaqudgha.
  8583 | D:7      | Identified the +5 trident "Neceofusch" {venom, +Blink rElec
                  | rF+}
  9311 | D:8      | Reached * piety under Vehumet
  9311 | D:8      | Offered knowledge of Freeze by Vehumet.
  9321 | D:8      | Reached skill level 11 in Conjurations
  9397 | D:8      | Found a runed translucent door.
  9400 | D:8      | Found a basalt altar of Yredelemnul.
  9462 | D:8      | Noticed a cyclops
  9468 | D:8      | Noticed a deep elf pyromancer
  9474 | D:8      | Killed a cyclops
  9475 | D:8      | Noticed a centaur warrior
  9477 | D:8      | Killed a deep elf pyromancer
  9478 | D:8      | Reached XP level 10. HP: 16/60 MP: 2/21
  9479 | D:8      | Shot with an arrow by a centaur warrior

Illustrated notes

Levels and vault maps discovered:
D:1:      nicolae_arrival_memento_mori, layout_basic, serial_shops, shop
D:2:      layout_rooms, hellmonk_ecumenical_altar_run_dry
D:3:      layout_rooms, general_overflow_altar
D:4:      layout_gridville, lemuel_round_altar, uniq_robin
D:5:      layout_basic, nicolae_overflow_hidden_temple
D:6:      wad_river_or_something, layout_basic, temple_doors_e
D:7:      layout_basic, tgw_kikubaaqudgha
D:8:      minmay_blocky_corners, layout_cave_pools, dk_yredelemnul_ordeal,
          minivault_22
Temple:   regret_index_temple_generic_petals

Skill      XL: |  1  2  3  4  5  6  7  8  9 |
---------------+----------------------------+-----
Dodging        | 3 4 5 7 8 |  8.8
Conjurations   | 5 6 7 8 9 11 | 11.5
Fighting       | 1 2 3 4 5 |  5.8
Spellcasting   | 4 5 6 |  6.0
Stealth        | |  2.4

Action                   |  1- 3 |  4- 6 |  7- 9 | 10-12 || total
-------------------------+-------+-------+-------+-------++-------
Melee: Dagger            |       |     2 |       |       ||     2
       Trident           |       |       |     4 |       ||     4
 Cast: Magic Dart        |    48 |    41 |    20 |       ||   109
       Searing Ray       |     6 |    14 |    47 |       ||    67
       Fulminant Prism   |       |     4 |    13 |       ||    17
       Iskenderun's Myst |       |     1 |     1 |       ||     2
  Use: Scroll            |     4 |     5 |     6 |       ||    15
Armor: Robe              |       |     1 |       |       ||     1
       Ring mail         |       |       |    23 |       ||    23
Dodge: Dodged            |     2 |    23 |    26 |       ||    51

Table legend: (Time is in decaauts)
 A = Elapsed time spent in this place.
 B = Non-inter-level travel time spent in this place.
 C = Inter-level travel time spent in this place.
 D = Time resting spent in this place.
 E = Time spent auto-exploring this place.
 F = Levels seen in this place.
 G = Mean time per level.
                   A        B        C        D        E       F      G
               +--------+--------+--------+--------+--------+-----+--------+
         Total |   9482 |   9066 |    416 |    239 |   7885 |   9 | 1053.6 |
       Dungeon |   9242 |   8843 |    399 |    239 |   7689 |   8 | 1155.2 |
        Temple |    239 |    222 |     17 |      0 |    196 |   1 |  239.0 |
               +--------+--------+--------+--------+--------+-----+--------+

Top non-repeatable levels by time:
     D:6: 2215 daAuts
     D:5: 1382 daAuts
     D:4: 1298 daAuts
     D:3: 1124 daAuts
     D:1: 1053 daAuts
     D:7: 974 daAuts
     D:2: 720 daAuts
     D:8: 473 daAuts
  Temple: 239 daAuts
